% Time on Ice - BOISE CARIBOUS
Lines # - Real PCT - Wanted PCT - Time Play
Normal Forward
1 - 35% - 34% - 17:29
2 - 33% - 32% - 16:46
3 - 23% - 24% - 11:46
4 - 8% - 10% - 4:12
Normal Defense
1 - 35% - 36% - 17:31
2 - 35% - 36% - 17:42
3 - 28% - 28% - 14:16
4 - 1% - 0% - 0:44
PP Forward
1 - 59% - 55% - 3:30
2 - 41% - 45% - 2:28
PP Defense
1 - 53% - 55% - 3:11
2 - 47% - 45% - 2:47
PK Forward
1 - 57% - 50% - 1:43
2 - 43% - 50% - 1:17
PK Defense
1 - 54% - 55% - 1:38
2 - 46% - 45% - 1:22
PK3 Forward
1 - 0% - 55%
2 - 0% - 45%
PK3 Defense
1 - 0% - 55%
2 - 0% - 45%
44 Forward
1 - 0% - 55%
2 - 0% - 45%
44 Defense
1 - 0% - 55%
2 - 0% - 45%
Last Minute Offensive  - 0:49
Last Minute Defensive  - 0:00
Total
Forward - 60:00
Defense - 60:00
% Time on Ice - SASKATOON DUCKS
Lines # - Real PCT - Wanted PCT - Time Play
Normal Forward
1 - 35% - 43% - 17:49
2 - 33% - 40% - 16:49
3 - 25% - 12% - 12:46
4 - 6% - 5% - 2:49
Normal Defense
1 - 37% - 40% - 18:28
2 - 32% - 30% - 16:09
3 - 28% - 20% - 13:56
4 - 3% - 10% - 1:40
PP Forward
1 - 51% - 60% - 1:32
2 - 49% - 40% - 1:28
PP Defense
1 - 51% - 60% - 1:32
2 - 49% - 40% - 1:28
PK Forward
1 - 58% - 55% - 3:29
2 - 42% - 45% - 2:29
PK Defense
1 - 61% - 55% - 3:40
2 - 39% - 45% - 2:18
PK3 Forward
1 - 0% - 55%
2 - 0% - 45%
PK3 Defense
1 - 0% - 55%
2 - 0% - 45%
44 Forward
1 - 0% - 55%
2 - 0% - 45%
44 Defense
1 - 0% - 55%
2 - 0% - 45%
Last Minute Offensive  - 0:00
Last Minute Defensive  - 0:49
Total
Forward - 60:00
Defense - 60:00
Play-by-Play 1st period 0:01 of 1st period - Vincent Trocheck wins face-off versus Sidney Crosby in neutral zone. 0:04 of 1st period - Shot by Matt Duchene. 0:04 of 1st period - Stopped by Tristan Jarry without a rebound. 0:05 of 1st period - Ryan Strome wins face-off versus Jean-Gabriel Pageau in SASKATOON DUCKS zone. 0:18 of 1st period - Shot by Artemi Panarin. 0:18 of 1st period - Shot Misses the Net. 1:01 of 1st period - Troy Stecher is hit by Kevin Shattenkirk and loses puck. 1:10 of 1st period - Shot by Matt Duchene. 1:10 of 1st period - Stopped by Tristan Jarry without a rebound. 1:11 of 1st period - Charlie Coyle wins face-off versus Sidney Crosby in SASKATOON DUCKS zone. 1:16 of 1st period - Shot by Lawson Crouse. 1:16 of 1st period - Stopped by Tristan Jarry without a rebound. 1:17 of 1st period - Sidney Crosby wins face-off versus Charlie Coyle in SASKATOON DUCKS zone. 1:17 of 1st period - Sidney Crosby is hit by Lawson Crouse. 1:37 of 1st period - Sidney Crosby is hit by Rasmus Andersson and loses puck. 1:46 of 1st period - Shot by Jake Guentzel. 1:46 of 1st period - Shot Misses the Net. 1:48 of 1st period - Shot by Sidney Crosby. 1:48 of 1st period - Stopped by Ilya Sorokin without a rebound. 1:49 of 1st period - Vincent Trocheck wins face-off versus Paul Stastny in BOISE CARIBOUS zone. 2:04 of 1st period - Shot by Kailer Yamamoto. 2:04 of 1st period - Stopped by Ilya Sorokin without a rebound. 2:05 of 1st period - Jesperi Kotkaniemi wins face-off versus Sidney Crosby in BOISE CARIBOUS zone. 2:20 of 1st period - Shot by Artemi Panarin. 2:20 of 1st period - Stopped by Ilya Sorokin without a rebound. 2:21 of 1st period - Paul Stastny wins face-off versus Vincent Trocheck in BOISE CARIBOUS zone. 3:40 of 1st period - Jake Guentzel is hit by Jean-Gabriel Pageau and loses puck. 3:49 of 1st period - Shot by Artturi Lehkonen. 3:49 of 1st period - Shot Misses the Net. 3:51 of 1st period - Shot by Artturi Lehkonen. 3:51 of 1st period - Shot Misses the Net. 3:53 of 1st period - Shot by Jean-Gabriel Pageau. 3:53 of 1st period - Stopped by Tristan Jarry with a rebound. 4:48 of 1st period - Shot by Kasperi Kapanen. 4:48 of 1st period - Shot Blocked by Rasmus Dahlin. 5:04 of 1st period - Shot by Kasperi Kapanen. 5:04 of 1st period - Stopped by Ilya Sorokin without a rebound. 5:05 of 1st period - Paul Stastny wins face-off versus Jesperi Kotkaniemi in BOISE CARIBOUS zone. 5:26 of 1st period - Shot by Kirill Marchenko. 5:26 of 1st period - Shot Misses the Net. 5:36 of 1st period - Shot by Kaapo Kakko. 5:36 of 1st period - Shot Misses the Net. 5:38 of 1st period - Shot by Dylan DeMelo. 5:38 of 1st period - Deflect By Jesperi Kotkaniemi. 5:38 of 1st period - Shot Misses the Net. 5:40 of 1st period - Shot by Kirill Marchenko. 5:40 of 1st period - Shot Blocked by Samuel Girard. 5:42 of 1st period - Shot by Troy Stecher. 5:42 of 1st period - Shot Blocked by Mathieu Joseph. 5:44 of 1st period - Shot by Kirill Marchenko. 5:44 of 1st period - Shot Misses the Net. 5:56 of 1st period - Shot by Tim Stutzle. 5:56 of 1st period - Stopped by Tristan Jarry without a rebound. 5:57 of 1st period - Vincent Trocheck wins face-off versus Ryan Strome in SASKATOON DUCKS zone. 5:57 of 1st period - Vincent Trocheck is hit by Ben Chiarot. 6:09 of 1st period - Shot by Matt Duchene. 6:09 of 1st period - Shot Hit the Post. 6:21 of 1st period - Shot by Artemi Panarin. 6:21 of 1st period - Stopped by Ilya Sorokin without a rebound. 6:22 of 1st period - Jean-Gabriel Pageau wins face-off versus Sidney Crosby in BOISE CARIBOUS zone. 6:29 of 1st period - Nick Schmaltz is hit by Ivan Barbashev and loses puck. 6:34 of 1st period - Shot by Jake Guentzel. 6:34 of 1st period - Stopped by Ilya Sorokin without a rebound. 6:35 of 1st period - Ryan Strome wins face-off versus Charlie Coyle in BOISE CARIBOUS zone. 7:02 of 1st period - Shot by Kasperi Kapanen. 7:02 of 1st period - Shot Blocked by Rasmus Dahlin. 7:04 of 1st period - Shot by Kasperi Kapanen. 7:04 of 1st period - Shot Misses the Net. 7:16 of 1st period - Shot by Kasperi Kapanen. 7:16 of 1st period - Stopped by Ilya Sorokin without a rebound. 7:17 of 1st period - Vincent Trocheck wins face-off versus Sidney Crosby in BOISE CARIBOUS zone. 7:17 of 1st period - Vincent Trocheck is hit by Ivan Barbashev. 7:25 of 1st period - Off-side. 7:26 of 1st period - Jean-Gabriel Pageau wins face-off versus Sidney Crosby in neutral zone. 7:29 of 1st period - Shot by Artturi Lehkonen. 7:29 of 1st period - Stopped by Tristan Jarry without a rebound. 7:30 of 1st period - Sidney Crosby wins face-off versus Tim Stutzle in SASKATOON DUCKS zone. 7:54 of 1st period - Minor Penalty to Justin Faulk for Hooking. 7:55 of 1st period - Jean-Gabriel Pageau wins face-off versus Ivan Barbashev in SASKATOON DUCKS zone. 7:58 of 1st period - Shot by Rasmus Dahlin. 7:58 of 1st period - Stopped by Tristan Jarry without a rebound. 7:59 of 1st period - Vincent Trocheck wins face-off versus Ivan Barbashev in SASKATOON DUCKS zone. 8:02 of 1st period - Shot by Artturi Lehkonen. 8:02 of 1st period - Shot Misses the Net. 8:37 of 1st period - Shot by Vincent Trocheck. 8:37 of 1st period - Stopped by Tristan Jarry without a rebound. 8:38 of 1st period - Matt Duchene wins face-off versus Ryan Strome in SASKATOON DUCKS zone. 8:49 of 1st period - Shot by Rasmus Andersson. 8:49 of 1st period - Stopped by Tristan Jarry with a rebound. 8:51 of 1st period - Shot by Lawson Crouse. 8:51 of 1st period - Stopped by Tristan Jarry without a rebound. 8:52 of 1st period - Jean-Gabriel Pageau wins face-off versus Ryan Strome in SASKATOON DUCKS zone. 8:55 of 1st period - Shot by Matt Duchene. 8:55 of 1st period - Stopped by Tristan Jarry with a rebound. 9:05 of 1st period - Shot by Moritz Seider. 9:05 of 1st period - Stopped by Tristan Jarry without a rebound. 9:06 of 1st period - Tim Stutzle wins face-off versus Ivan Barbashev in SASKATOON DUCKS zone. 9:29 of 1st period - Shot by Rasmus Dahlin. 9:29 of 1st period - Shot Misses the Net. 9:37 of 1st period - Shot by Tim Stutzle. 9:37 of 1st period - Stopped by Tristan Jarry without a rebound. 9:38 of 1st period - Lawson Crouse wins face-off versus Ryan Strome in SASKATOON DUCKS zone. 9:39 of 1st period - Shot by Rasmus Andersson. 9:39 of 1st period - Stopped by Tristan Jarry without a rebound. 9:40 of 1st period - Jean-Gabriel Pageau wins face-off versus Ryan Strome in SASKATOON DUCKS zone. 9:45 of 1st period - Shot by Rasmus Andersson. 9:45 of 1st period - Stopped by Tristan Jarry without a rebound. 9:46 of 1st period - Tim Stutzle wins face-off versus Ryan Strome in SASKATOON DUCKS zone. 9:47 of 1st period - Shot by Rasmus Dahlin. 9:47 of 1st period - Shot Misses the Net. 9:53 of 1st period - Shot by Artturi Lehkonen. 9:53 of 1st period - Stopped by Tristan Jarry without a rebound. 9:54 of 1st period - Jean-Gabriel Pageau wins face-off versus Sidney Crosby in SASKATOON DUCKS zone. 10:32 of 1st period - Off-side. 10:33 of 1st period - Artemi Panarin wins face-off versus Vincent Trocheck in neutral zone. 10:36 of 1st period - Tim Stutzle is hit by Ryan Strome. 10:41 of 1st period - Off-side. 10:42 of 1st period - Vincent Trocheck wins face-off versus Ryan Strome in neutral zone. 11:11 of 1st period - Shot by Vincent Trocheck. 11:11 of 1st period - Shot Blocked by Ben Chiarot. 11:13 of 1st period - Shot by Tim Stutzle. 11:13 of 1st period - Shot Misses the Net. 11:15 of 1st period - Shot by Dylan DeMelo. 11:15 of 1st period - Stopped by Tristan Jarry without a rebound. 11:16 of 1st period - Sidney Crosby wins face-off versus Jean-Gabriel Pageau in SASKATOON DUCKS zone. 11:51 of 1st period - Shot by Jake Guentzel. 11:51 of 1st period - Shot Misses the Net. 11:53 of 1st period - Shot by Jake Sanderson. 11:53 of 1st period - Shot Misses the Net. 11:55 of 1st period - Shot by Justin Faulk. 11:55 of 1st period - Shot Misses the Net. 11:57 of 1st period - Shot by Ivan Barbashev. 11:57 of 1st period - Stopped by Ilya Sorokin without a rebound. 11:58 of 1st period - Charlie Coyle wins face-off versus Ryan Strome in BOISE CARIBOUS zone. 12:12 of 1st period - Shot by Kasperi Kapanen. 12:12 of 1st period - Shot Misses the Net. 12:53 of 1st period - Icing by Rasmus Andersson. 12:54 of 1st period - Gabriel Vilardi wins face-off versus Jake Guentzel in BOISE CARIBOUS zone. 13:00 of 1st period - Icing by Rasmus Andersson. 13:01 of 1st period - Sidney Crosby wins face-off versus Charlie Coyle in BOISE CARIBOUS zone. 13:15 of 1st period - Shot by Jake Guentzel. 13:15 of 1st period - Shot Misses the Net. 13:37 of 1st period - Shot by Sidney Crosb